Coyotes vs Bruins
Created - March 25, 2020 at 19:37
Goals
|
| Coyotes |
1 |
2 |
0 |
3 |
| Bruins |
0 |
4 |
2 |
6 |
|
Shots
|
| Coyotes |
6 |
15 |
8 |
29 |
| Bruins |
14 |
9 |
12 |
35 |
|
1st period
1. Coyotes , Tyler Ennis 24 (Eric Tangradi 1) at 6:49
Penalties :
Zach Parise (Ari) for Goalie Interference (Minor) at 0:38, Brendan Smith (Bos) for Cross-checking (Minor) at 9:44
2nd period
2. Coyotes , Eric Tangradi 2 (Jamie Arniel 20, Matt Donovan 10) at 1:51
3. Bruins , Jonathan Toews 30 (Wojtek Wolski 46, Zack Kassian 29) at 6:56
4. Bruins , T.J Galiardi 10 (Dave Bolland 19, Casey Cizikas 10) at 10:42
5. Bruins , Zack Kassian 16 (Wojtek Wolski 47, Johnny Boychuk 10) at 13:48
6. Coyotes , Tyler Ennis 25 (Michael Del Zotto 23, Marian Gaborik 31) at 15:41
7. Bruins , Kris Chucko 8 (Mattias Tedenby 10, T.J Galiardi 13) at 16:41
Penalties :
Zack Kassian (Bos) for Roughing (Minor) at 7:32, Scott Hartnell (Bos) for Interference (Minor) at 11:06
3rd period
8. Bruins , Zack Kassian 17 (Jonathan Toews 39, Kevin Bieksa 5) at 19:21 (Empty Net)
9. Bruins , Mike Ribeiro 14 (Victor Oreskovich 32, Jason Demers 35) at 19:45
Penalties :
Adam Pelech (Bos) for Hooking (Minor) at 10:40
Goalie Stats
Thomas McCollum (Ari), 29 saves from 34 shots - (0.853), L, 7-10-2, 59:24 minutes
Josh Tordjman (Bos), 26 saves from 29 shots - (0.897), W, 3-7-1, 60:00 minutes
Players Stats for Coyotes
Player Name G A P +/- PIM S H SB GA TA FO MP PP MP PK MP
------------------------------------------------------------------------------------
Andrew MacDonald 0 0 0 0 0 0 0 0 0 1 0/0 5:23 0:00 0:52
Anton Stralman 0 0 0 -1 0 0 1 0 0 3 0/0 19:41 0:00 1:07
Brad Richards 0 0 0 -3 0 0 3 0 1 0 2/10 19:34 3:18 0:50
Chris Stewart 0 0 0 -3 0 1 1 0 0 0 0/0 18:48 3:18 0:00
Eric Tangradi 1 1 2 1 0 2 0 0 1 0 0/0 13:36 0:00 0:22
Evgeny Artyukhin 0 0 0 1 0 1 1 0 0 0 0/0 14:00 0:03 0:40
Jamie Arniel 0 1 1 1 0 3 0 2 1 0 4/8 14:23 0:06 1:01
Josh Gorges 0 0 0 -2 0 1 0 1 0 0 0/0 15:18 0:00 1:07
Kristopher Letang 0 0 0 -1 0 2 1 2 1 1 0/0 26:43 4:14 0:00
Marian Gaborik 0 1 1 -1 0 5 0 2 1 2 0/2 25:45 4:32 0:00
Matt Donovan 0 1 1 0 0 1 2 1 0 1 0/0 16:32 3:42 0:00
Michael Del Zotto 0 1 1 -2 0 2 1 1 0 3 0/0 19:55 4:14 0:00
Nazem Kadri 0 0 0 0 0 2 1 0 0 0 13/33 20:28 4:38 0:08
Nick Bonino 0 0 0 -1 0 0 3 0 0 0 1/2 5:46 0:00 0:00
Ramzi Abid 0 0 0 -1 0 0 0 0 0 0 0/0 6:43 0:00 0:57
Thomas Hickey 0 0 0 0 0 1 1 0 2 1 0/0 16:28 3:42 0:52
Tyler Ennis 2 0 2 0 0 5 1 0 0 1 2/4 20:08 4:35 0:00
Zach Parise 0 0 0 -3 2 3 2 0 0 0 1/1 18:49 3:18 0:00
Players Stats for Bruins
Player Name G A P +/- PIM S H SB GA TA FO MP PP MP PK MP
------------------------------------------------------------------------------------
Adam Pelech 0 0 0 2 2 0 0 1 0 0 0/0 12:43 0:00 1:12
Brendan Smith 0 0 0 -1 2 4 2 5 1 2 0/0 27:46 1:08 3:24
Casey Cizikas 0 1 1 0 0 0 0 0 0 0 1/1 7:11 0:00 0:00
Dave Bolland 0 1 1 1 0 1 1 0 1 0 2/5 11:42 0:01 0:00
Jason Demers 0 1 1 -1 0 2 3 1 3 0 0/0 28:41 1:08 4:36
Johnny Boychuk 0 1 1 2 0 2 0 1 1 0 0/0 19:39 0:51 3:20
Jonathan Toews 1 1 2 3 0 4 1 0 3 0 23/33 22:25 1:02 4:30
Kevin Bieksa 0 1 1 2 0 1 0 0 0 1 0/0 11:50 0:00 0:06
Kris Chucko 1 0 1 0 0 1 3 0 0 0 0/0 8:16 0:00 1:05
Mattias Tedenby 0 1 1 0 0 1 0 0 0 0 0/1 7:11 0:00 0:00
Mike Ribeiro 1 0 1 -1 0 1 2 1 1 0 4/8 15:07 0:57 0:00
Rene Bourque 0 0 0 1 0 0 2 1 0 1 0/2 13:19 0:00 1:42
Scott Hartnell 0 0 0 -1 2 0 0 1 0 1 0/0 15:16 0:57 0:00
Shane O'Brien 0 0 0 2 0 0 0 2 0 2 0/0 19:29 0:51 3:14
T.J Galiardi 1 1 2 1 0 3 2 0 1 0 0/0 11:37 0:00 0:00
Victor Oreskovich 0 1 1 -1 0 2 1 0 2 0 2/3 17:42 0:57 2:21
Wojtek Wolski 0 2 2 3 0 5 3 0 0 0 4/6 22:25 1:02 4:30
Zack Kassian 2 1 3 3 2 8 2 0 0 0 1/1 19:41 1:01 1:44
3 Stars
1 - Zack Kassian (Bos)
2 - Jonathan Toews (Bos)
3 - Wojtek Wolski (Bos)
Power Play
Coyotes - 0 on 4 Attempt(s) - 0.00%
Bruins - 0 on 1 Attempt(s) - 0.00%
Penalty Kill
Coyotes - 1 on 1 Attempt(s) - 100.00%
- Score 0 goal in Penalty Kill
Bruins - 4 on 4 Attempt(s) - 100.00%
- Score 0 goal in Penalty Kill
Team Stat
Coyotes - Hits : 18 - Faceoff Wins : 23 - Blocked Shots : 9 - Penalty Minutes : 2
Bruins - Hits : 22 - Faceoff Wins : 37 - Blocked Shots : 13 - Penalty Minutes : 8
Official
Referees : Unknown
Linesman : Unknown
Game Notes
Zack Kassian has scored in a empty net!
Finance
Level 1 -- Attendance: 4677 (77.95%) -- Ticket Income $579,948
Level 2 -- Attendance: 3782 (75.64%) -- Ticket Income $283,650
Level 3 -- Attendance: 1626 (81.30%) -- Ticket Income $71,544
Level 4 -- Attendance: 4000 (100.00%) -- Ticket Income $116,000
Luxury Box -- Attendance: 702 (70.20%) -- Ticket Income $153,738
Game was played at the TD Banknorth Garden.
Total Attendance: 14787 (82.15%)
Total Ticket Income: $1,204,880
Other Income: $180,732
Total Income: $1,385,612
Coyotes
5 vs 5 Forward
Center Left Wing Right Wing Time % Phy DF OF
1 Nazem Kadri Tyler Ennis Marian Gaborik 40 0 2 3
2 Brad Richards Zach Parise Chris Stewart 30 0 2 3
3 Jamie Arniel Eric Tangradi Evgeny Artyukhin 20 0 2 3
4 Nick Bonino Ramzi Abid Marian Gaborik 10 0 2 3
5 vs 5 Defense
Defense Defense Time % Phy DF OF
1 Kristopher Letang Anton Stralman 40 0 3 2
2 Josh Gorges Michael Del Zotto 30 0 3 2
3 Matt Donovan Thomas Hickey 20 0 3 2
4 Andrew MacDonald Kristopher Letang 10 0 3 2
PowerPlay Forward
Center Left Wing Right Wing Time % Phy DF OF
1 Nazem Kadri Tyler Ennis Marian Gaborik 60 0 1 4
2 Brad Richards Zach Parise Chris Stewart 40 0 1 4
PowerPlay Defense
Defense Defense Time % Phy DF OF
1 Kristopher Letang Michael Del Zotto 60 0 2 3
2 Thomas Hickey Matt Donovan 40 0 2 3
Penalty Kill 4 Players Forward
Center Wing Time % Phy DF OF
1 Jamie Arniel Ramzi Abid 60 0 3 2
2 Brad Richards Zach Parise 40 0 3 2
Penalty Kill 4 Players Defense
Defense Defense Time % Phy DF OF
1 Josh Gorges Anton Stralman 60 1 4 0
2 Andrew MacDonald Thomas Hickey 40 1 4 0
Penalty Kill - 3 Players Forward
Forward Time % Phy DF OF
1 Tyler Ennis 60 0 4 1
2 Brad Richards 40 0 4 1
Penalty Kill - 3 Players Defense
Defense Defense Time % Phy DF OF
1 Kristopher Letang Anton Stralman 60 1 2 0
2 Josh Gorges Andrew MacDonald 40 1 4 0
4 vs 4 Forward
Center Wing Time % Phy DF OF
1 Tyler Ennis Marian Gaborik 60 0 2 3
2 Zach Parise Nazem Kadri 40 0 2 3
4 vs 4 Defense
Defense Defense Time % Phy DF OF
1 Kristopher Letang Anton Stralman 60 0 3 2
2 Josh Gorges Michael Del Zotto 40 0 3 2
Last Minutes Offensive
Center Left Wing Right Wing Defense Defense
Nazem Kadri Tyler Ennis Marian Gaborik Kristopher Letang Anton Stralman
Last Minutes Defensive
Center Left Wing Right Wing Defense Defense
Brad Richards Tyler Ennis Marian Gaborik Josh Gorges Anton Stralman
Goaltenders
Starting : Thomas McCollum
Backup : Maxime Daigneault
Extra Forwards
Normal : Jamie Arniel, Eric Tangradi, Evgeny Artyukhin - PP : Jamie Arniel, Evgeny Artyukhin - PK : Evgeny Artyukhin
Extra Defensemen
Normal : Andrew MacDonald, Thomas Hickey, Matt Donovan - PP : Josh Gorges - PK : Thomas Hickey, Kristopher Letang
Penalty Shots
Tyler Ennis, Marian Gaborik, Zach Parise, Nazem Kadri, Brad Richards
Scratches
Martin Samuelsson (Separated Right Shoulder Injury), Mike Weber (Healthy)
Bruins
5 vs 5 Forward
Center Left Wing Right Wing Time % Phy DF OF
1 Jonathan Toews Wojtek Wolski Zack Kassian 40 1 2 2
2 Mike Ribeiro Scott Hartnell Victor Oreskovich 30 1 2 2
3 Dave Bolland T.J Galiardi Rene Bourque 20 1 2 2
4 Casey Cizikas Kris Chucko Mattias Tedenby 10 1 2 2
5 vs 5 Defense
Defense Defense Time % Phy DF OF
1 Jason Demers Brendan Smith 40 1 2 2
2 Shane O'Brien Johnny Boychuk 30 1 2 2
3 Kevin Bieksa Adam Pelech 20 1 2 2
4 Jason Demers Brendan Smith 10 1 2 2
PowerPlay Forward
Center Left Wing Right Wing Time % Phy DF OF
1 Jonathan Toews Wojtek Wolski Zack Kassian 60 1 2 2
2 Mike Ribeiro Scott Hartnell Victor Oreskovich 40 1 2 2
PowerPlay Defense
Defense Defense Time % Phy DF OF
1 Jason Demers Brendan Smith 60 1 2 2
2 Shane O'Brien Johnny Boychuk 40 1 2 2
Penalty Kill 4 Players Forward
Center Wing Time % Phy DF OF
1 Wojtek Wolski Jonathan Toews 60 1 2 2
2 Zack Kassian Victor Oreskovich 40 1 2 2
Penalty Kill 4 Players Defense
Defense Defense Time % Phy DF OF
1 Jason Demers Brendan Smith 60 1 2 2
2 Shane O'Brien Johnny Boychuk 40 1 2 2
Penalty Kill - 3 Players Forward
Forward Time % Phy DF OF
1 Wojtek Wolski 60 1 2 2
2 Jonathan Toews 40 1 2 2
Penalty Kill - 3 Players Defense
Defense Defense Time % Phy DF OF
1 Jason Demers Brendan Smith 60 1 2 2
2 Shane O'Brien Johnny Boychuk 40 1 2 2
4 vs 4 Forward
Center Wing Time % Phy DF OF
1 Wojtek Wolski Jonathan Toews 60 1 2 2
2 Zack Kassian Victor Oreskovich 40 1 2 2
4 vs 4 Defense
Defense Defense Time % Phy DF OF
1 Jason Demers Brendan Smith 60 1 2 2
2 Shane O'Brien Johnny Boychuk 40 1 2 2
Last Minutes Offensive
Center Left Wing Right Wing Defense Defense
Jonathan Toews Wojtek Wolski Zack Kassian Jason Demers Brendan Smith
Last Minutes Defensive
Center Left Wing Right Wing Defense Defense
Jonathan Toews Wojtek Wolski Zack Kassian Jason Demers Brendan Smith
Goaltenders
Starting : Josh Tordjman
Backup : Kevin Poulin
Extra Forwards
Normal : Dave Bolland, T.J Galiardi, Rene Bourque - PP : Dave Bolland, T.J Galiardi - PK : Rene Bourque
Extra Defensemen
Normal : Kevin Bieksa, Adam Pelech, Shane O'Brien - PP : Kevin Bieksa - PK : Adam Pelech, Shane O'Brien
Penalty Shots
Wojtek Wolski, Jonathan Toews, Zack Kassian, Victor Oreskovich, Scott Hartnell
Scratches
None
% Time on Ice - Coyotes
Lines # - Real PCT - Wanted PCT - Time Play
Normal Forward
1 - 31% - 40% - 15:10
2 - 32% - 30% - 15:52
3 - 26% - 20% - 12:44
4 - 12% - 10% - 5:46
Normal Defense
1 - 39% - 40% - 19:13
2 - 30% - 30% - 14:41
3 - 24% - 20% - 11:42
4 - 8% - 10% - 3:56
PP Forward
1 - 58% - 60% - 4:38
2 - 42% - 40% - 3:18
PP Defense
1 - 53% - 60% - 4:14
2 - 47% - 40% - 3:42
PK Forward
1 - 58% - 60% - 1:09
2 - 42% - 40% - 0:50
PK Defense
1 - 56% - 60% - 1:07
2 - 44% - 40% - 0:52
PK3 Forward
1 - 0% - 60%
2 - 0% - 40%
PK3 Defense
1 - 0% - 60%
2 - 0% - 40%
44 Forward
1 - 0% - 60%
2 - 0% - 40%
44 Defense
1 - 0% - 60%
2 - 0% - 40%
Last Minute Offensive - 0:33
Last Minute Defensive - 0:00
Total
Forward - 60:00
Defense - 60:00
|
% Time on Ice - Bruins
Lines # - Real PCT - Wanted PCT - Time Play
Normal Forward
1 - 33% - 40% - 16:21
2 - 29% - 30% - 14:24
3 - 23% - 20% - 11:37
4 - 14% - 10% - 7:11
Normal Defense
1 - 41% - 40% - 20:06
2 - 31% - 30% - 15:24
3 - 22% - 20% - 11:05
4 - 6% - 10% - 2:58
PP Forward
1 - 52% - 60% - 1:02
2 - 48% - 40% - 0:57
PP Defense
1 - 57% - 60% - 1:08
2 - 43% - 40% - 0:51
PK Forward
1 - 70% - 60% - 5:35
2 - 30% - 40% - 2:21
PK Defense
1 - 59% - 60% - 4:42
2 - 41% - 40% - 3:14
PK3 Forward
1 - 0% - 60%
2 - 0% - 40%
PK3 Defense
1 - 0% - 60%
2 - 0% - 40%
44 Forward
1 - 0% - 60%
2 - 0% - 40%
44 Defense
1 - 0% - 60%
2 - 0% - 40%
Last Minute Offensive - 0:00
Last Minute Defensive - 0:32
Total
Forward - 60:00
Defense - 60:00
|
Play-by-Play
1st period
0:01 of 1st period - Jonathan Toews wins face-off versus Nazem Kadri in neutral zone.
0:10 of 1st period - Snap shot by Wojtek Wolski.
0:10 of 1st period - Shot Misses the Net.
0:12 of 1st period - Snap shot by Zack Kassian.
0:12 of 1st period - Shot Misses the Net.
0:38 of 1st period - Minor Penalty to Zach Parise for Goalie Interference.
0:39 of 1st period - Jonathan Toews wins face-off versus Jamie Arniel in Coyotes zone.
1:05 of 1st period - Scott Hartnell is hit by Evgeny Artyukhin and loses puck.
2:38 of 1st period - Penalty to Zach Parise is over, Zach Parise is back on ice.
2:52 of 1st period - Wrist shot by Tyler Ennis.
2:52 of 1st period - Shot Misses the Net.
2:58 of 1st period - Tyler Ennis is hit by Rene Bourque and loses puck.
3:15 of 1st period - Kevin Bieksa is hit by Brad Richards and loses puck.
3:22 of 1st period - Matt Donovan is hit by Kris Chucko and loses puck.
3:47 of 1st period - Wrist shot by Nazem Kadri.
3:47 of 1st period - Shot Blocked by Adam Pelech.
4:34 of 1st period - Snap shot by Marian Gaborik.
4:34 of 1st period - Deflect By Johnny Boychuk.
4:34 of 1st period - Stopped by Josh Tordjman without a rebound.
4:35 of 1st period - Nick Bonino wins face-off versus Mattias Tedenby in Bruins zone.
5:04 of 1st period - Wrist shot by Evgeny Artyukhin.
5:04 of 1st period - Shot Misses the Net.
6:09 of 1st period - Zack Kassian is hit by Tyler Ennis and loses puck.
6:23 of 1st period - Off-side.
6:24 of 1st period - Zach Parise wins face-off versus Mike Ribeiro in neutral zone.
6:33 of 1st period - Snap shot by Brad Richards.
6:33 of 1st period - Shot Misses the Net.
6:35 of 1st period - Wrist shot by Brad Richards.
6:35 of 1st period - Shot Misses the Net.
6:49 of 1st period - Snap shot by Tyler Ennis.
6:49 of 1st period - Goal by Tyler Ennis - Coyotes : 1 - Bruins : 0.
6:50 of 1st period - Nazem Kadri wins face-off versus Jonathan Toews in neutral zone.
6:52 of 1st period - Off-side.
6:53 of 1st period - Jonathan Toews wins face-off versus Nazem Kadri in neutral zone.
6:56 of 1st period - Marian Gaborik is hit by Wojtek Wolski and loses puck.
7:05 of 1st period - Slapshot by Wojtek Wolski.
7:05 of 1st period - Stopped by Thomas McCollum without a rebound.
7:06 of 1st period - Jonathan Toews wins face-off versus Nazem Kadri in Coyotes zone.
7:33 of 1st period - Victor Oreskovich is hit by Anton Stralman.
7:57 of 1st period - Johnny Boychuk is hit by Brad Richards and loses puck.
8:08 of 1st period - Wrist shot by Brad Richards.
8:08 of 1st period - Shot Blocked by Johnny Boychuk.
8:46 of 1st period - Wrist shot by Kris Chucko.
8:46 of 1st period - Shot Misses the Net.
8:54 of 1st period - Slapshot by Mattias Tedenby.
8:54 of 1st period - Stopped by Thomas McCollum with a rebound.
9:12 of 1st period - Slapshot by Brendan Smith.
9:12 of 1st period - Stopped by Thomas McCollum without a rebound.
9:13 of 1st period - Nazem Kadri wins face-off versus Jonathan Toews in Coyotes zone.
9:21 of 1st period - Icing by Tyler Ennis.
9:22 of 1st period - Jonathan Toews wins face-off versus Nazem Kadri in Coyotes zone.
9:27 of 1st period - Wrist shot by Zack Kassian.
9:27 of 1st period - Stopped by Thomas McCollum with a rebound.
9:35 of 1st period - Backhand shot by Nazem Kadri.
9:35 of 1st period - Stopped by Josh Tordjman without a rebound.
9:36 of 1st period - Nazem Kadri wins face-off versus Jonathan Toews in Bruins zone.
9:44 of 1st period - Minor Penalty to Brendan Smith for Cross-checking.
9:45 of 1st period - Wojtek Wolski wins face-off versus Nazem Kadri in Bruins zone.
9:57 of 1st period - Wrist shot by Jonathan Toews.
9:57 of 1st period - Shot Misses the Net.
10:31 of 1st period - Shane O'Brien is hit by Zach Parise and loses puck.
11:44 of 1st period - Penalty to Brendan Smith is over, Brendan Smith is back on ice.
11:57 of 1st period - Wrist shot by Dave Bolland.
11:57 of 1st period - Shot Blocked by Jamie Arniel.
12:01 of 1st period - Snap shot by T.J Galiardi.
12:01 of 1st period - Deflect By Dave Bolland.
12:01 of 1st period - Shot Blocked by Jamie Arniel.
12:01 of 1st period - Puck is out of play.
12:02 of 1st period - Jamie Arniel wins face-off versus Mike Ribeiro in Coyotes zone.
12:02 of 1st period - Jamie Arniel is hit by Mike Ribeiro.
12:12 of 1st period - Wrist shot by Victor Oreskovich.
12:12 of 1st period - Stopped by Thomas McCollum without a rebound.
12:13 of 1st period - Brad Richards wins face-off versus Mike Ribeiro in Coyotes zone.
12:59 of 1st period - Snap shot by Victor Oreskovich.
12:59 of 1st period - Shot Misses the Net.
13:01 of 1st period - Slapshot by Brendan Smith.
13:01 of 1st period - Stopped by Thomas McCollum with a rebound.
13:03 of 1st period - Slapshot by Jason Demers.
13:03 of 1st period - Deflect By Mike Ribeiro.
13:03 of 1st period - Shot Blocked by Marian Gaborik.
13:03 of 1st period - Puck is out of play.
13:04 of 1st period - Jonathan Toews wins face-off versus Nazem Kadri in Coyotes zone.
13:13 of 1st period - Wrist shot by Jonathan Toews.
13:13 of 1st period - Stopped by Thomas McCollum with a rebound.
13:15 of 1st period - Snap shot by Zack Kassian.
13:15 of 1st period - Stopped by Thomas McCollum without a rebound.
13:16 of 1st period - Jonathan Toews wins face-off versus Nazem Kadri in Coyotes zone.
13:48 of 1st period - Slapshot by Johnny Boychuk.
13:48 of 1st period - Stopped by Thomas McCollum with a rebound.
14:08 of 1st period - Backhand shot by Jason Demers.
14:08 of 1st period - Stopped by Thomas McCollum without a rebound.
14:09 of 1st period - Nazem Kadri wins face-off versus Jonathan Toews in Coyotes zone.
15:05 of 1st period - Slapshot by T.J Galiardi.
15:05 of 1st period - Deflect By Dave Bolland.
15:05 of 1st period - Shot Misses the Net.
15:05 of 1st period - Puck is out of play.
15:06 of 1st period - Wojtek Wolski wins face-off versus Nazem Kadri in Coyotes zone.
15:55 of 1st period - Wrist shot by Evgeny Artyukhin.
15:55 of 1st period - Stopped by Josh Tordjman with a rebound.
15:57 of 1st period - Snap shot by Kristopher Letang.
15:57 of 1st period - Stopped by Josh Tordjman without a rebound.
15:58 of 1st period - Jonathan Toews wins face-off versus Jamie Arniel in Bruins zone.
16:05 of 1st period - Jamie Arniel is hit by Zack Kassian and loses puck.
16:12 of 1st period - Wrist shot by Zack Kassian.
16:12 of 1st period - Stopped by Thomas McCollum without a rebound.
16:13 of 1st period - Nazem Kadri wins face-off versus Jonathan Toews in Coyotes zone.
16:13 of 1st period - Nazem Kadri is hit by Jonathan Toews.
16:40 of 1st period - Josh Gorges is hit by Mike Ribeiro and loses puck.
16:49 of 1st period - Snap shot by Mike Ribeiro.
16:49 of 1st period - Shot Misses the Net.
16:51 of 1st period - Slapshot by Brendan Smith.
16:51 of 1st period - Shot Blocked by Josh Gorges.
17:05 of 1st period - Wrist shot by Michael Del Zotto.
17:05 of 1st period - Stopped by Josh Tordjman with a rebound.
17:21 of 1st period - Anton Stralman is hit by Brendan Smith and loses puck.
17:34 of 1st period - Kristopher Letang is hit by Jason Demers.
17:41 of 1st period - Icing by Anton Stralman.
17:42 of 1st period - Jonathan Toews wins face-off versus Brad Richards in Coyotes zone.
18:30 of 1st period - Evgeny Artyukhin is hit by T.J Galiardi and loses puck.
18:53 of 1st period - Marian Gaborik is hit by T.J Galiardi and loses puck.
19:02 of 1st period - Wrist shot by T.J Galiardi.
19:02 of 1st period - Stopped by Thomas McCollum with a rebound.
19:33 of 1st period - Wrist shot by Dave Bolland.
19:33 of 1st period - Stopped by Thomas McCollum with a rebound.
19:35 of 1st period - Slapshot by Kevin Bieksa.
19:35 of 1st period - Stopped by Thomas McCollum without a rebound.
19:36 of 1st period - Jonathan Toews wins face-off versus Brad Richards in Coyotes zone.
Goals for this period are 1 for Coyotes vs 0 for Bruins.
Shots for this period are 6 for Coyotes vs 14 for Bruins.
2nd period
0:01 of 2nd period - Jonathan Toews wins face-off versus Marian Gaborik in neutral zone.
0:14 of 2nd period - Slapshot by Jonathan Toews.
0:14 of 2nd period - Stopped by Thomas McCollum with a rebound.
0:16 of 2nd period - Slapshot by Brendan Smith.
0:16 of 2nd period - Stopped by Thomas McCollum without a rebound.
0:17 of 2nd period - Victor Oreskovich wins face-off versus Brad Richards in Coyotes zone.
1:05 of 2nd period - Slapshot by Kristopher Letang.
1:05 of 2nd period - Stopped by Josh Tordjman without a rebound.
1:06 of 2nd period - Casey Cizikas wins face-off versus Jamie Arniel in Bruins zone.
1:23 of 2nd period - Snap shot by Kris Chucko.
1:23 of 2nd period - Shot Blocked by Matt Donovan.
1:37 of 2nd period - Wrist shot by Evgeny Artyukhin.
1:37 of 2nd period - Shot Misses the Net.
1:39 of 2nd period - Snap shot by Evgeny Artyukhin.
1:39 of 2nd period - Shot Blocked by Brendan Smith.
1:41 of 2nd period - Snap shot by Evgeny Artyukhin.
1:41 of 2nd period - Shot Blocked by Brendan Smith.
1:47 of 2nd period - Slapshot by Matt Donovan.
1:47 of 2nd period - Shot Hit the Post.
1:49 of 2nd period - Slapshot by Jamie Arniel.
1:49 of 2nd period - Shot Hit the Post.
1:51 of 2nd period - Wrist shot by Eric Tangradi.
1:51 of 2nd period - Goal by Eric Tangradi - Coyotes : 2 - Bruins : 0.
1:52 of 2nd period - Jonathan Toews wins face-off versus Tyler Ennis in neutral zone.
2:51 of 2nd period - Slapshot by Brendan Smith.
2:51 of 2nd period - Shot Misses the Net.
3:22 of 2nd period - Off-side.
3:23 of 2nd period - Nazem Kadri wins face-off versus Jonathan Toews in neutral zone.
3:34 of 2nd period - Snap shot by Marian Gaborik.
3:34 of 2nd period - Stopped by Josh Tordjman without a rebound.
3:35 of 2nd period - Nazem Kadri wins face-off versus Jonathan Toews in Bruins zone.
3:42 of 2nd period - Wrist shot by Nazem Kadri.
3:42 of 2nd period - Stopped by Josh Tordjman with a rebound.
3:52 of 2nd period - Slapshot by Tyler Ennis.
3:52 of 2nd period - Stopped by Josh Tordjman with a rebound.
4:14 of 2nd period - Slapshot by Zach Parise.
4:14 of 2nd period - Deflect By Brad Richards.
4:14 of 2nd period - Shot Misses the Net.
4:14 of 2nd period - Puck is out of play.
4:15 of 2nd period - Dave Bolland wins face-off versus Brad Richards in Bruins zone.
4:41 of 2nd period - Zack Kassian is hit by Matt Donovan and loses puck.
4:50 of 2nd period - Slapshot by Tyler Ennis.
4:50 of 2nd period - Stopped by Josh Tordjman without a rebound.
4:51 of 2nd period - Victor Oreskovich wins face-off versus Nazem Kadri in Bruins zone.
4:58 of 2nd period - Wrist shot by Victor Oreskovich.
4:58 of 2nd period - Shot Blocked by Marian Gaborik.
5:00 of 2nd period - Slapshot by Mike Ribeiro.
5:00 of 2nd period - Shot Misses the Net.
6:15 of 2nd period - Slapshot by Jamie Arniel.
6:15 of 2nd period - Stopped by Josh Tordjman without a rebound.
6:16 of 2nd period - Jonathan Toews wins face-off versus Nazem Kadri in Bruins zone.
6:50 of 2nd period - Wrist shot by Zack Kassian.
6:50 of 2nd period - Shot Misses the Net.
6:52 of 2nd period - Slapshot by Jonathan Toews.
6:52 of 2nd period - Shot Misses the Net.
6:54 of 2nd period - Backhand shot by Wojtek Wolski.
6:54 of 2nd period - Stopped by Thomas McCollum with a rebound.
6:56 of 2nd period - Snap shot by Jonathan Toews.
6:56 of 2nd period - Goal by Jonathan Toews - Coyotes : 2 - Bruins : 1.
6:57 of 2nd period - Mike Ribeiro wins face-off versus Tyler Ennis in neutral zone.
7:32 of 2nd period - Minor Penalty to Zack Kassian for Roughing.
7:33 of 2nd period - Nazem Kadri wins face-off versus Wojtek Wolski in Bruins zone.
8:06 of 2nd period - Slapshot by Kristopher Letang.
8:06 of 2nd period - Shot Misses the Net.
8:08 of 2nd period - Snap shot by Zach Parise.
8:08 of 2nd period - Deflect By Brad Richards.
8:08 of 2nd period - Shot Misses the Net.
8:08 of 2nd period - Puck is out of play.
8:09 of 2nd period - Brad Richards wins face-off versus Rene Bourque in Bruins zone.
8:10 of 2nd period - Wrist shot by Zach Parise.
8:10 of 2nd period - Shot Misses the Net.
8:12 of 2nd period - Slapshot by Thomas Hickey.
8:12 of 2nd period - Stopped by Josh Tordjman without a rebound.
8:13 of 2nd period - Nazem Kadri wins face-off versus Rene Bourque in Bruins zone.
8:14 of 2nd period - Snap shot by Marian Gaborik.
8:14 of 2nd period - Stopped by Josh Tordjman with a rebound.
8:44 of 2nd period - Shane O'Brien is hit by Zach Parise and loses puck.
9:32 of 2nd period - Penalty to Zack Kassian is over, Zack Kassian is back on ice.
9:49 of 2nd period - Wrist shot by Evgeny Artyukhin.
9:49 of 2nd period - Shot Blocked by Jason Demers.
10:21 of 2nd period - Adam Pelech is hit by Brad Richards and loses puck.
10:42 of 2nd period - Wrist shot by T.J Galiardi.
10:42 of 2nd period - Goal by T.J Galiardi - Coyotes : 2 - Bruins : 2.
10:43 of 2nd period - Mike Ribeiro wins face-off versus Brad Richards in neutral zone.
10:46 of 2nd period - Snap shot by Victor Oreskovich.
10:46 of 2nd period - Shot Misses the Net.
10:54 of 2nd period - Snap shot by Brad Richards.
10:54 of 2nd period - Shot Blocked by Scott Hartnell.
10:56 of 2nd period - Snap shot by Zach Parise.
10:56 of 2nd period - Stopped by Josh Tordjman with a rebound.
10:58 of 2nd period - Snap shot by Zach Parise.
10:58 of 2nd period - Stopped by Josh Tordjman with a rebound.
11:06 of 2nd period - Minor Penalty to Scott Hartnell for Interference.
11:07 of 2nd period - Nazem Kadri wins face-off versus Wojtek Wolski in Bruins zone.
12:12 of 2nd period - Snap shot by Rene Bourque.
12:12 of 2nd period - Shot Hit the Post.
12:57 of 2nd period - Icing by Matt Donovan.
12:58 of 2nd period - Jonathan Toews wins face-off versus Nazem Kadri in Coyotes zone.
13:06 of 2nd period - Penalty to Scott Hartnell is over, Scott Hartnell is back on ice.
13:15 of 2nd period - Snap shot by Zack Kassian.
13:15 of 2nd period - Stopped by Thomas McCollum without a rebound.
13:16 of 2nd period - Mike Ribeiro wins face-off versus Jamie Arniel in Coyotes zone.
13:31 of 2nd period - Slapshot by Eric Tangradi.
13:31 of 2nd period - Deflect By Jamie Arniel.
13:31 of 2nd period - Stopped by Josh Tordjman with a rebound.
13:41 of 2nd period - Anton Stralman is hit by Wojtek Wolski and loses puck.
13:48 of 2nd period - Snap shot by Zack Kassian.
13:48 of 2nd period - Goal by Zack Kassian - Coyotes : 2 - Bruins : 3.
13:49 of 2nd period - Jonathan Toews wins face-off versus Nazem Kadri in neutral zone.
14:16 of 2nd period - Tyler Ennis is hit by Dave Bolland and loses puck.
15:10 of 2nd period - Off-side.
15:11 of 2nd period - Jamie Arniel wins face-off versus Jonathan Toews in neutral zone.
15:25 of 2nd period - Snap shot by Jamie Arniel.
15:25 of 2nd period - Stopped by Josh Tordjman without a rebound.
15:26 of 2nd period - Nazem Kadri wins face-off versus Mike Ribeiro in Bruins zone.
15:39 of 2nd period - Slapshot by Marian Gaborik.
15:39 of 2nd period - Shot Misses the Net.
15:41 of 2nd period - Slapshot by Michael Del Zotto.
15:41 of 2nd period - Deflect By Tyler Ennis.
15:41 of 2nd period - Goal by Tyler Ennis - Coyotes : 3 - Bruins : 3.
15:42 of 2nd period - Jonathan Toews wins face-off versus Nazem Kadri in neutral zone.
15:45 of 2nd period - Slapshot by Brendan Smith.
15:45 of 2nd period - Shot Misses the Net.
16:17 of 2nd period - Slapshot by Scott Hartnell.
16:17 of 2nd period - Shot Blocked by Michael Del Zotto.
16:41 of 2nd period - Slapshot by Kris Chucko.
16:41 of 2nd period - Goal by Kris Chucko - Coyotes : 3 - Bruins : 4.
16:42 of 2nd period - Jonathan Toews wins face-off versus Nazem Kadri in neutral zone.
17:30 of 2nd period - Wrist shot by Evgeny Artyukhin.
17:30 of 2nd period - Deflect By Eric Tangradi.
17:30 of 2nd period - Shot Misses the Net.
17:30 of 2nd period - Puck is out of play.
17:31 of 2nd period - Jamie Arniel wins face-off versus Dave Bolland in Bruins zone.
17:46 of 2nd period - Slapshot by Rene Bourque.
17:46 of 2nd period - Deflect By T.J Galiardi.
17:46 of 2nd period - Stopped by Thomas McCollum without a rebound.
17:47 of 2nd period - Jonathan Toews wins face-off versus Nazem Kadri in Coyotes zone.
18:24 of 2nd period - Snap shot by Brad Richards.
18:24 of 2nd period - Shot Blocked by Brendan Smith.
18:26 of 2nd period - Snap shot by Zach Parise.
18:26 of 2nd period - Shot Misses the Net.
18:28 of 2nd period - Slapshot by Matt Donovan.
18:28 of 2nd period - Stopped by Josh Tordjman with a rebound.
18:30 of 2nd period - Slapshot by Brad Richards.
18:30 of 2nd period - Shot Blocked by Brendan Smith.
19:10 of 2nd period - Snap shot by Kris Chucko.
19:10 of 2nd period - Shot Blocked by Kristopher Letang.
19:40 of 2nd period - Michael Del Zotto is hit by Victor Oreskovich and loses puck.
Goals for this period are 2 for Coyotes vs 4 for Bruins.
Shots for this period are 15 for Coyotes vs 9 for Bruins.
3rd period
0:01 of 3rd period - Jonathan Toews wins face-off versus Nazem Kadri in neutral zone.
0:40 of 3rd period - Slapshot by Zach Parise.
0:40 of 3rd period - Shot Blocked by Brendan Smith.
0:58 of 3rd period - Wrist shot by Eric Tangradi.
0:58 of 3rd period - Shot Blocked by Rene Bourque.
1:00 of 3rd period - Slapshot by Josh Gorges.
1:00 of 3rd period - Stopped by Josh Tordjman with a rebound.
1:10 of 3rd period - Jason Demers is hit by Nick Bonino and loses puck.
1:39 of 3rd period - Snap shot by Wojtek Wolski.
1:39 of 3rd period - Stopped by Thomas McCollum with a rebound.
2:28 of 3rd period - Snap shot by Tyler Ennis.
2:28 of 3rd period - Stopped by Josh Tordjman with a rebound.
4:07 of 3rd period - Wrist shot by Victor Oreskovich.
4:07 of 3rd period - Stopped by Thomas McCollum without a rebound.
4:08 of 3rd period - Wojtek Wolski wins face-off versus Brad Richards in Coyotes zone.
4:19 of 3rd period - Snap shot by Zach Parise.
4:19 of 3rd period - Stopped by Josh Tordjman without a rebound.
4:20 of 3rd period - Jonathan Toews wins face-off versus Nazem Kadri in Bruins zone.
4:33 of 3rd period - Josh Gorges is hit by Jason Demers and loses puck.
4:46 of 3rd period - Zach Parise is hit by Brendan Smith and loses puck.
5:21 of 3rd period - Wrist shot by Jamie Arniel.
5:21 of 3rd period - Shot Blocked by Shane O'Brien.
5:29 of 3rd period - Wrist shot by Jamie Arniel.
5:29 of 3rd period - Shot Misses the Net.
6:06 of 3rd period - Shane O'Brien is hit by Chris Stewart and loses puck.
7:15 of 3rd period - Snap shot by Wojtek Wolski.
7:15 of 3rd period - Stopped by Thomas McCollum with a rebound.
7:17 of 3rd period - Slapshot by Zack Kassian.
7:17 of 3rd period - Stopped by Thomas McCollum without a rebound.
7:18 of 3rd period - Jamie Arniel wins face-off versus Jonathan Toews in Coyotes zone.
7:29 of 3rd period - Wrist shot by Michael Del Zotto.
7:29 of 3rd period - Stopped by Josh Tordjman with a rebound.
7:31 of 3rd period - Backhand shot by Eric Tangradi.
7:31 of 3rd period - Stopped by Josh Tordjman without a rebound.
7:32 of 3rd period - Jonathan Toews wins face-off versus Marian Gaborik in Bruins zone.
8:50 of 3rd period - Snap shot by Casey Cizikas.
8:50 of 3rd period - Shot Misses the Net.
9:00 of 3rd period - Brad Richards is hit by Zack Kassian and loses puck.
9:21 of 3rd period - Kevin Bieksa is hit by Nick Bonino and loses puck.
10:40 of 3rd period - Minor Penalty to Adam Pelech for Hooking.
10:41 of 3rd period - Wojtek Wolski wins face-off versus Nazem Kadri in Bruins zone.
11:28 of 3rd period - Shane O'Brien is hit by Nazem Kadri and loses puck.
12:15 of 3rd period - Matt Donovan is hit by Jason Demers and loses puck.
12:40 of 3rd period - Penalty to Adam Pelech is over, Adam Pelech is back on ice.
12:40 of 3rd period - Shane O'Brien is hit by Matt Donovan and loses puck.
13:10 of 3rd period - Adam Pelech is hit by Nick Bonino and loses puck.
13:31 of 3rd period - Chris Stewart is hit by Rene Bourque and loses puck.
13:42 of 3rd period - Brad Richards is hit by Kris Chucko and loses puck.
13:56 of 3rd period - Snap shot by Chris Stewart.
13:56 of 3rd period - Stopped by Josh Tordjman with a rebound.
14:35 of 3rd period - Snap shot by Jamie Arniel.
14:35 of 3rd period - Shot Blocked by Shane O'Brien.
14:41 of 3rd period - Evgeny Artyukhin is hit by Kris Chucko and loses puck.
14:52 of 3rd period - Wrist shot by Nazem Kadri.
14:52 of 3rd period - Deflect By Tyler Ennis.
14:52 of 3rd period - Shot Blocked by Mike Ribeiro.
14:52 of 3rd period - Puck is out of play.
14:53 of 3rd period - Mike Ribeiro wins face-off versus Nazem Kadri in Bruins zone.
14:53 of 3rd period - Mike Ribeiro is hit by Kristopher Letang.
16:17 of 3rd period - Josh Gorges is hit by Wojtek Wolski.
16:29 of 3rd period - Slapshot by Jamie Arniel.
16:29 of 3rd period - Shot Misses the Net.
17:06 of 3rd period - Off-side.
17:07 of 3rd period - Jonathan Toews wins face-off versus Brad Richards in neutral zone.
17:10 of 3rd period - Slapshot by Johnny Boychuk.
17:10 of 3rd period - Stopped by Thomas McCollum with a rebound.
17:16 of 3rd period - Wojtek Wolski is hit by Thomas Hickey and loses puck.
17:33 of 3rd period - Snap shot by Dave Bolland.
17:33 of 3rd period - Shot Misses the Net.
17:36 of 3rd period - Icing by Thomas Hickey.
17:37 of 3rd period - Jonathan Toews wins face-off versus Brad Richards in Coyotes zone.
17:40 of 3rd period - Slapshot by Wojtek Wolski.
17:40 of 3rd period - Stopped by Thomas McCollum with a rebound.
17:54 of 3rd period - Icing by Tyler Ennis.
17:55 of 3rd period - Nazem Kadri wins face-off versus Dave Bolland in Coyotes zone.
18:06 of 3rd period - Snap shot by Marian Gaborik.
18:06 of 3rd period - Stopped by Josh Tordjman without a rebound.
18:07 of 3rd period - Dave Bolland wins face-off versus Nick Bonino in Bruins zone.
18:45 of 3rd period - Coyotes, Thomas McCollum is pulled from the net.
18:59 of 3rd period - Brendan Smith is hit by Michael Del Zotto and loses puck.
19:21 of 3rd period - Snap shot by Zack Kassian.
19:21 of 3rd period - Goal by Zack Kassian - Coyotes : 3 - Bruins : 5.
19:21 of 3rd period - Thomas McCollum from Coyotes was sent back in the game.
19:22 of 3rd period - Nazem Kadri wins face-off versus Dave Bolland in neutral zone.
19:35 of 3rd period - Slapshot by Marian Gaborik.
19:35 of 3rd period - Stopped by Josh Tordjman without a rebound.
19:36 of 3rd period - Tyler Ennis wins face-off versus Victor Oreskovich in Bruins zone.
19:45 of 3rd period - Wrist shot by Mike Ribeiro.
19:45 of 3rd period - Goal by Mike Ribeiro - Coyotes : 3 - Bruins : 6.
19:46 of 3rd period - Zack Kassian wins face-off versus Nazem Kadri in neutral zone.
19:49 of 3rd period - Slapshot by Brendan Smith.
19:49 of 3rd period - Stopped by Thomas McCollum with a rebound.
19:51 of 3rd period - Snap shot by Wojtek Wolski.
19:51 of 3rd period - Shot Blocked by Kristopher Letang.
19:53 of 3rd period - Snap shot by Jason Demers.
19:53 of 3rd period - Stopped by Thomas McCollum with a rebound.
19:55 of 3rd period - Snap shot by Zack Kassian.
19:55 of 3rd period - Stopped by Thomas McCollum with a rebound.
19:57 of 3rd period - Slapshot by Jason Demers.
19:57 of 3rd period - Deflect By Jonathan Toews.
19:57 of 3rd period - Stopped by Thomas McCollum without a rebound.
19:58 of 3rd period - Tyler Ennis wins face-off versus Jonathan Toews in Coyotes zone.
Goals for this period are 0 for Coyotes vs 2 for Bruins.
Shots for this period are 8 for Coyotes vs 12 for Bruins.
Back to the Top